 Dungeon Sprint DCSS version 0.30-a0-824-g6c64550be9 (webtiles) character file.

Game seed: 7170088111176039976

506 BigDaddyOpFi the Covert (level 6, -16/24 HPs)
             Began as a Felid Earth Elementalist on Feb 27, 2023.
             Was a High Priest of Vehumet.
             Blown up by an eye of devastation (40 damage)
             ... with a bolt of energy
             ... in the Dungeon (Sprint VII: "The Pits").
             The game lasted 00:02:39 (1499 turns).

BigDaddyOpFi the Covert (Felid Earth Elementalist)  Turns: 1499, Time: 00:02:39

Health: -16/24     AC:  2    Str:  4    XL:     6   Next: 97%
Magic:  2/16       EV: 23    Int: 18    God:    Vehumet [*****.]
Gold:   0          SH:  0    Dex: 17    Spells: 13/17 levels left
                                        Lives:  0   Deaths: 1

rFire   . . .      SeeInvis +    (weapon unavailable)
rCold   . . .      Faith    .    (shield unavailable)
rNeg    . . .      Spirit   .    (body armour unavailable)
rPois   .          Reflect  .    (helmet unavailable)
rElec   .          Harm     .    (cloak unavailable)
rCorr   .          Rampage  .    (gloves unavailable)
Will    .....      NoTele   +    (boots unavailable)
Stlth   ++++                     (no amulet)
HPRegen 0.24/turn                (no ring)
MPRegen 0.15/turn                (no ring)

@: quick
A: very small, claws 1, fangs 3, see invisible, speed 1, shaggy fur 2, stealthy
paws, no weapons or thrown items, no armour, multi-lived
a: Renounce Religion


You were in the Dungeon.
You worshipped Vehumet.
Vehumet was extremely pleased with you.
You visited 1 branch

Inventory:

Scrolls
 f - a scroll of blinking
Potions
 a - 2 potions of magic
 b - 6 potions of curing
 c - 4 potions of heal wounds
 d - a potion of haste
 e - 3 potions of berserk rage
 g - 2 potions of invisibility


   Skills:
 + Level 8.9 Dodging
 + Level 9.7 Stealth
 + Level 6.2 Spellcasting
 + Level 5.5 Conjurations
 + Level 6.9 Transmutations
 + Level 6.4 Earth Magic


You had 13 spell levels left.
You knew the following spells:

 Your Spells              Type           Power      Damage    Failure   Level
a - Sandblast             Erth           56%        2d13      1%          1
b - Stone Arrow           Conj/Erth      54%        3d10      1%          3

Your spell library contained the following spells:

 Spells                   Type           Power      Damage    Failure   Level
 Iron Shot                Conj/Erth      13%        9d3       36%         6
 Passwall                 Tmut/Erth      24%        N/A       1%          2
 Petrify                  Tmut/Erth      29%        N/A       8%          4


Dungeon Overview and Level Annotations

Branches:
Dungeon (1/1)

Altars:
Ashenzari
Cheibriados
Dithmenos
Elyvilon
Fedhas
Gozag
Hepliaklqana
Kikubaaqudgha
Makhleb
Nemelex Xobeh
Okawaru
Qazlal
Ru
Sif Muna
Trog
Uskayaw
Vehumet
Wu Jian
Xom
Yredelemnul
Zin
The Shining One
Jiyva
Lugonu


Innate Abilities, Weirdness & Mutations

You have sharp claws.
You have razor-sharp teeth.
You have supernaturally acute eyesight. (SInv)
You cover ground quickly. (Speed+)
You are covered in thick fur. (AC +2)
Your paws help you pounce on unaware monsters.
You are incapable of wielding weapons or throwing items.
You cannot wear armour.
You gain extra lives every three experience levels.


Message History

Press: ? - help, Shift-Dir - straight line, f/p - eye of devastation
Aim: an eye of devastation (100% to hit)
The stone arrow hits the iron imp!
You kill the iron imp!
Vehumet accepts your kill.
You feel your power returning.
Casting: Stone Arrow (safe; 1% risk of failure)
Confirm with . or Enter, or press ? or * to list all spells.
Aiming: Stone Arrow (safe; 1% risk of failure)
Press: ? - help, Shift-Dir - straight line, f/p - eye of devastation
Aim: an eye of devastation (100% to hit)
The stone arrow hits the river rat!
You kill the river rat!
Vehumet accepts your kill.
Casting: Stone Arrow (safe; 1% risk of failure)
Confirm with . or Enter, or press ? or * to list all spells.
Aiming: Stone Arrow (safe; 1% risk of failure)
Press: ? - help, Shift-Dir - straight line, f/p - eye of devastation
Aim: an eye of devastation (100% to hit)
The stone arrow hits the eye of devastation!
The eye of devastation is lightly wounded.
Casting: Stone Arrow (safe; 1% risk of failure)
Confirm with . or Enter, or press ? or * to list all spells.
You don't have enough magic to cast this spell.
Unknown command.
Casting: Stone Arrow (safe; 1% risk of failure)
Confirm with . or Enter, or press ? or * to list all spells.
Aiming: Sandblast (safe; 1% risk of failure)
Press: ? - help, Shift-Dir - straight line, f/p - eye of devastation
Aim: an eye of devastation (lightly wounded, 100% to hit)
The blast of sand hits the eye of devastation but does no damage.
The eye of devastation is lightly wounded.
There is an open door, spattered with blood here.
There is an open door here.
Things that are here:
a +2 war axe of freezing; a +0 robe The eye of devastation gazes at you.
The bolt of energy hits you!!!
Ouch! That really hurt!
You die...

#†#..[)))[.##.......#
#)###########.......#
#.......#.. #########
#).#.#..#†# ####
#.##.##.#.#....#
#.......#'#....#
#.##.##.#.'....+
#..#.#..#'#....#
#...@...G.# ...#
########### ###


You could see an eye of devastation.

Vanquished Creatures
  A wyvern (D)
  A floating eye (D)
  A kobold brigand (D)
  Blork the orc (D)
  A necrophage (D)
  An iron imp (D)
  Jessica (D)
  An iguana (D)
  An orc wizard (D)
  A mummy (D)
  An adder (D)
  2 river rats (D)
  An ufetubus (D)
  4 orcs (D)
  2 bats (D)
  An endoplasm (D)
  2 giant cockroaches (D)
  A hobgoblin (D)
  A kobold (D)
  A quokka (D)
  2 frilled lizards (D)
28 creatures vanquished.

Notes
Turn   | Place    | Note
-------+----------+-------------------------------------------
     0 | D        | BigDaddyOpFi the Felid Earth Elementalist began the quest
                  | for the Orb.
     0 | D        | Reached XP level 1. HP: 7/7 MP: 4/4
    11 | D        | Reached skill level 3 in Stealth
    16 | D        | Found a bloodstained altar of Trog.
    16 | D        | Found a shimmering blue altar of Sif Muna.
    16 | D        | Found a viscous altar of Jiyva.
    16 | D        | Found a hazy altar of Hepliaklqana.
    16 | D        | Found an opulent altar of Gozag.
    17 | D        | Found a glowing golden altar of the Shining One.
    17 | D        | Found a glowing silver altar of Zin.
    17 | D        | Found a basalt altar of Yredelemnul.
    17 | D        | Found a shimmering altar of Xom.
    17 | D        | Found an ornate altar of the Wu Jian Council.
    17 | D        | Found a sacrificial altar of Ru.
    17 | D        | Found a stormy altar of Qazlal.
    17 | D        | Found an iron altar of Okawaru.
    17 | D        | Found a sparkling altar of Nemelex Xobeh.
    17 | D        | Found a burning altar of Makhleb.
    17 | D        | Found a blossoming altar of Fedhas.
    17 | D        | Found a white marble altar of Elyvilon.
    17 | D        | Found a shadowy altar of Dithmenos.
    17 | D        | Found a snail-covered altar of Cheibriados.
    18 | D        | Found a radiant altar of Vehumet.
    18 | D        | Found a corrupted altar of Lugonu.
    19 | D        | Found a hide-covered altar of Uskayaw.
    19 | D        | Found an ancient bone altar of Kikubaaqudgha.
    19 | D        | Found a broken altar of Ashenzari.
    28 | D        | Became a worshipper of Vehumet
   126 | D        | Noticed a floating eye
   128 | D        | Paralysed by a floating eye for 3 turns
   133 | D        | Paralysed by a floating eye for 3 turns
   137 | D        | Paralysed by a floating eye for 2 turns
   139 | D        | Killed a floating eye
   139 | D        | Reached * piety under Vehumet
   139 | D        | Offered knowledge of Magic Dart by Vehumet.
   140 | D        | Reached skill level 5 in Dodging
   140 | D        | Reached skill level 6 in Stealth
   140 | D        | Reached XP level 2. HP: 11/11 MP: 0/7
   140 | D        | Reached XP level 3. HP: 14/14 MP: 0/9
   140 | D        | Reached XP level 4. HP: 18/18 MP: 0/10
   403 | D        | Offered knowledge of Freeze by Vehumet.
   403 | D        | Reached ** piety under Vehumet
   568 | D        | Offered knowledge of Kindle Blastsparks by Vehumet.
   716 | D        | Learned a level 3 spell: Stone Arrow
   721 | D        | Noticed a kobold brigand
   721 | D        | Noticed Jessica
   722 | D        | Noticed a necrophage
   737 | D        | Killed a kobold brigand
   737 | D        | Reached *** piety under Vehumet
   738 | D        | Reached skill level 7 in Stealth
   738 | D        | Reached skill level 5 in Transmutations
   738 | D        | Reached skill level 5 in Earth Magic
   738 | D        | Reached XP level 5. HP: 18/21 MP: 4/13
   739 | D        | Killed Jessica
   740 | D        | Offered knowledge of Hailstorm by Vehumet.
   741 | D        | Killed from afar by an orc wizard
   742 | D        | Reached XP level 4. HP: 0/18 MP: 7/11
   761 | D        | Reached skill level 5 in Spellcasting
   761 | D        | Reached XP level 5. HP: 15/21 MP: 9/13
   761 | D        | Reached **** piety under Vehumet
   761 | D        | Offered knowledge of Iskenderun's Battlesphere by Vehumet.
   798 | D        | Reached skill level 8 in Stealth
   866 | D        | Reached ***** piety under Vehumet
   934 | D        | Offered knowledge of Iron Shot by Vehumet.
   961 | D        | Noticed a wyvern
   963 | D        | Killed a wyvern
   964 | D        | Reached skill level 9 in Stealth
   964 | D        | Reached skill level 5 in Conjurations
   964 | D        | Gained mutation: You are covered in thick fur. (AC +2)
                  | [Felid growth]
   964 | D        | Reached XP level 6. HP: 24/24 MP: 9/15
  1307 | D        | Noticed Blork the orc
  1319 | D        | Killed Blork the orc
  1487 | D        | Noticed an eye of devastation
  1499 | D        | Blown up by an eye of devastation

Illustrated notes

Levels and vault maps discovered:
D:        pitsprint [storerooms_1, entrance_room_1, metal_vault_2, armoury_3,
          mini_pit_1, grid_room_1, main_hall_1, silver_pit, the_coven_3,
          the_vestibule_1, steel_vault_1, golden_pit, hallway_of_sentries,
          crystal_vault_2, iron_vault_2, final_vault]

Skill      XL: |  1  2  3  4  5  6 |
---------------+-------------------+-----
Dodging        | 5 7 8 |  8.9
Stealth        | 6 7 9 |  9.7
Earth Magic    | 4 5 6 |  6.4
Spellcasting   | 3 5 6 |  6.2
Conjurations   | 2 3 5 |  5.5
Transmutations | 4 5 6 |  6.9

Action                     |  1- 3 |  4- 6 || total
---------------------------+-------+-------++-------
  Melee: Unarmed           |     3 |     5 ||     8
   Cast: Sandblast         |     6 |    16 ||    22
         Stone Arrow       |       |    29 ||    29
    Use: Potion            |       |     5 ||     5
 Armour: Skin              |       |     2 ||     2
  Dodge: Dodged            |     3 |    35 ||    38

Table legend: (Time is in decaauts)
 A = Elapsed time spent in this place.
 B = Non-inter-level travel time spent in this place.
 C = Inter-level travel time spent in this place.
 D = Time resting spent in this place.
 E = Time spent auto-exploring this place.
 F = Levels seen in this place.
 G = Mean time per level.
                   A        B        C        D        E       F      G
               +--------+--------+--------+--------+--------+-----+--------+
         Total |   1477 |   1466 |     11 |   1239 |      0 |   1 | 1477.0 |
       Dungeon |   1477 |   1466 |     11 |   1239 |      0 |   1 | 1477.0 |
               +--------+--------+--------+--------+--------+-----+--------+

Top non-repeatable levels by time:
       D: 1477 daAuts
